 Dungeon Crawl Stone Soup version 0.21-a0-265-gb353147 (webtiles) character file.

146 Musica the Ruffian (level 5, -1/46 HPs)
             Began as a Ghoul Monk on Sept 11, 2017.
             Slain by a goblin
             ... wielding a +0 club
             ... led by Robin
              (3 damage)
             ... on level 4 of the Dungeon.
             The game lasted 00:09:39 (1850 turns).

Musica the Ruffian (Ghoul Monk)                     Turns: 1850, Time: 00:09:40

Health: -1/46      AC:  2    Str: 14 (15) XL:     5   Next: 28%
Magic:  4/4        EV:  9    Int:  4 (5)  God:
Gold:   130        SH:  0    Dex: 10 (12) Spells: 4/4 levels left

rFire    . . .     SeeInvis .     - Unarmed
rCold    + . .     Gourm    .   (no shield)
rNeg     + + +     Faith    .   a - +0 robe
rPois    ∞         Spirit   .   (no helmet)
rElec    .         Reflect  .   (no cloak)
rCorr    .         Harm     .   (no gloves)
MR       .....                  (no boots)
Stlth    ++........             (no amulet)
HPRegen  0.00/turn              l - -3 ring of evasion
MPRegen  0.09/turn              (no ring)

@: rotting, hasted (expiring), very quick
A: rotting body, claws 1, carnivore 3, cold resistance 1, negative energy
resistance 3, inhibited regeneration, torment resistance, unbreathing
a: no special abilities


You were on level 4 of the Dungeon.
You were not hungry.

You visited 1 branch of the dungeon, and saw 4 of its levels.

You collected 130 gold pieces.

Inventory:

Hand Weapons
 h - a +4 whip
 o - a +0 vampiric falchion
Missiles
 c - 16 sling bullets
 d - 20 bolts
 s - 39 arrows
Armour
 a - a +0 robe (worn)
Jewellery
 l - a -3 ring of evasion (left claw)
Scrolls
 f - 2 scrolls of remove curse
 g - 2 scrolls of identify
 j - a scroll of enchant weapon
 m - a scroll of immolation
 p - a scroll of fog
Potions
 e - 3 potions of curing
 k - a potion of lignification
Comestibles
 b - 3 meat rations
 r - a royal jelly


   Skills:
 + Level 4.2 Fighting
 - Level 2.6 Dodging
 + Level 3.1 Stealth
 + Level 5.3 Unarmed Combat


You had 4 spell levels left.
You didn't know any spells.

Dungeon Overview and Level Annotations

Branches:
Dungeon (4/15)
 Temple: D:4-7

Altars:
Fedhas


Innate Abilities, Weirdness & Mutations

Your body is rotting away.
You thrive on raw meat.
You are immune to poison.
You have sharp fingernails.
You are carnivorous and can eat meat at any time.
Your flesh is cold resistant. (rC+)
You are immune to negative energy. (rN+++)
You do not regenerate when monsters are visible.
You are immune to unholy pain and torment.
You can survive without breathing.


Message History

The goblin hits you but does no damage.
You completely miss the goblin. You scratch the goblin.
The goblin is moderately wounded.
The goblin closely misses you. The goblin hits you with a club.
* * * LOW HITPOINT WARNING * * *
You barely miss the goblin.
The goblin is moderately wounded.
The goblin misses you.
You scratch the goblin.
You kill the goblin!
The goblin hits you with a club.
* * * LOW HITPOINT WARNING * * *
You scratch the hobgoblin.
The hobgoblin is almost dead.
The hobgoblin barely misses you.
You scratch the hobgoblin.
You kill the hobgoblin!
The goblin hits you with a club.
You die...

#. ... ...## #. #..
..... ##. #.# ... ..
#.# ... # #.##.# #.# .#
#..#.## #.# ..#
#..#..## +#.#+ ...#
#......###...###....#
###..........8.g@)g...#
....<#...###...###g..##
#+##.#..## +#.#+ ..#
#.##.#.## #.# .#
#....#.# #.# # ...#.#.#
... ##.#.#.# ... .#.#.#
..... .#.#.########.#


You could see a hobgoblin and 2 goblins.

Vanquished Creatures
  Terence (D:2)
  Robin (D:4)
  6 adders
  An ooze (D:1)
  A worm (D:2)
  A dart slug (D:3)
  A leopard gecko (D:1)
  5 bats
  A giant cockroach (D:2)
  10 goblins
  7 hobgoblins
  2 quokkas (D:2)
  5 frilled lizards
  A kobold (D:1)
  9 rats
52 creatures vanquished.

Notes
Turn   | Place    | Note
-------+----------+-------------------------------------------
     0 | D:1      | Musica the Ghoul Monk began the quest for the Orb.
     0 | D:1      | Reached XP level 1. HP: 19/19 MP: 0/0
    94 | D:1      | Reached XP level 2. HP: 9/26 MP: 1/1
   697 | D:1      | Reached XP level 3. HP: 29/33 MP: 2/2
   966 | D:2      | Reached skill level 4 in Unarmed Combat
  1142 | D:2      | Reached XP level 4. HP: 27/40 MP: 3/3
  1285 | D:2      | Noticed Terence
  1307 | D:2      | Killed Terence
  1659 | D:3      | Found a blossoming altar of Fedhas.
  1673 | D:3      | Reached skill level 5 in Unarmed Combat
  1728 | D:4      | Reached XP level 5. HP: 35/46 MP: 4/4
  1803 | D:4      | Noticed Robin
  1840 | D:4      | Killed Robin
  1848 | D:4      | HP: 2/46 [goblin/club[Robin] (3)]
  1850 | D:4      | Slain by a goblin

Vault maps used:
D:1:      eino_arrival_cavern_e, serial_park_tiny_pond
D:2:      minmay_heptomino_w4, uniq_terence
D:3:      kennysheep_cross_room, corexii_item_surrounded_by_moat, fedhas_altar_1
D:4:      cheibrodos_barr_body, temple_doors_e, first_bread, enter_ossuary_1,
          uniq_robin

Skill      XL: |  1  2  3  4 |
---------------+-------------+-----
Unarmed Combat | 4 5 |  5.3
Fighting       | 4 |  4.2
Stealth        | 3 |  3.1
Dodging        | |  2.6

Action                   |  1- 3 |  4- 6 || total
-------------------------+-------+-------++-------
Melee: Unarmed           |    80 |    91 ||   171
       Punch             |     2 |       ||     2
  Use: Scroll            |     4 |     4 ||     8
       Potion            |       |     3 ||     3
 Stab: Sleeping          |     4 |     1 ||     5
  Eat: Chunk             |     8 |    13 ||    21
Armor: Robe              |    10 |    29 ||    39
Dodge: Dodged            |    37 |    55 ||    92

Table legend:
 A = Spawn XP
 B = Non-spawn XP
 C = Spawn XP percentage of total XP
 D = Spawn monster count
 E = Non-spawn monster count
 F = Spawn count percentage of total count
 G = Total turns spent on level
                    A         B        C        D         E        F      G
               +---------+---------+-------+---------+---------+-------+---------
         Total |       0 |     209 |   0.0 |       0 |      52 |   0.0 |  1850
               +---------+---------+-------+---------+---------+-------+---------
           D:1 |       0 |      34 |   0.0 |       0 |      19 |   0.0 |   746
           D:2 |       0 |     113 |   0.0 |       0 |      20 |   0.0 |   904
           D:3 |       0 |      17 |   0.0 |       0 |       2 |   0.0 |    57
           D:4 |       0 |      45 |   0.0 |       0 |      11 |   0.0 |   143
               +---------+---------+-------+---------+---------+-------+---------
